Map: Void Training Stage 3

Players

Player 2

  • Race: Protoss Protoss
  • Spawn Location: 6:00

Player 2

  • Race: Protoss Protoss
  • Spawn Location: 6:00

grillbottom - Winner!

  • Race: Protoss Protoss
  • Spawn Location: 12:00

VOD

Have the link to the VOD?

Description

Time

  • Played on: Dec. 12, 2020, 4:08 a.m.
  • Length: 10:03
Show
View Real Time Build Order
Export as new Build Order

Player 2 Protoss 

Build Orders:  

Get SALT Encoding   

  12  0:00  Probe  
  13  0:13  Probe  
  14  0:21  Pylon  
  14  0:25  Probe  
  15  0:35  Probe  
  16  0:43  Probe  
  16  0:47  Assimilator  
  17  0:51  Gateway  
  17  0:53  Probe  
  18  0:59  Pylon  
  18  1:28  Gateway  
  18  1:32  Assimilator  
  18  1:40  Zealot  
  18  1:42  Cybernetics Core  
  20  1:58  Zealot  
  22  2:17  Pylon  
  22  2:18  Stalker  
  22  2:20  Warp Gate  
  24  2:32  Stalker  
  24  2:36  Probe  
  27  2:46  Stalker  
  27  2:48  Probe  
  30  2:55  Pylon  
  30  3:00  Probe  
  30  3:02  Stalker  
  33  3:12  Probe, Forge  
  34  3:24  Probe  
  35  3:36  Probe  
  36  5:12  Probe  
  36  5:16  Sentry  
  36  5:18  Photon Cannon  
  36  5:19  Photon Cannon  
  36  5:21  Pylon  
  39  5:23  Robotics Facility  
  39  5:24  Stargate  
  39  5:27  Twilight Council  
  39  5:29  Gateway, Adept  
  39  5:33  Forge  
  41  5:39  Probe  
  41  5:41  Sentry  
  41  5:42  Pylon  
  44  5:54  Sentry  
  38  6:07  Observer, Adept  
  37  6:20  Stalker  
  37  6:23  Observer  
  39  6:29  Nexus  
  40  6:33  Stalker  
  42  6:46  Zealot  
  44  6:59  Zealot  
  46  7:11  Stalker  
  48  7:19  Zealot  
  48  7:21  Pylon  
  50  7:23  Immortal  
  36  7:40  Zealot  
  38  7:48  Zealot  
  38  7:51  Probe  
  28  7:54  Probe  
  28  7:55  Stalker  
  25  8:02  Zealot  
  25  8:03  Probe  
  20  8:06  Probe  
  20  8:09  Stalker  
  20  8:15  Probe  
  20  8:18  Probe  
  16  8:22  Sentry  
  14  8:31  Zealot  
  14  8:32  Stargate  
  9  8:53  Probe, Stalker  
  6  9:05  Probe  
  7  9:17  Probe  
  8  9:29  Probe  
Show
View Real Time Build Order
Export as new Build Order

Player 2 Protoss 

Build Orders:  

Get SALT Encoding   

  12  0:00  Probe  
  13  0:13  Probe  
  14  0:21  Pylon  
  14  0:25  Probe  
  15  0:35  Probe  
  16  0:43  Probe  
  16  0:47  Assimilator  
  17  0:51  Gateway  
  17  0:53  Probe  
  18  0:59  Pylon  
  18  1:28  Gateway  
  18  1:32  Assimilator  
  18  1:40  Zealot  
  18  1:42  Cybernetics Core  
  20  1:58  Zealot  
  22  2:17  Pylon  
  22  2:18  Stalker  
  22  2:20  Warp Gate  
  24  2:32  Stalker  
  24  2:36  Probe  
  27  2:46  Stalker  
  27  2:48  Probe  
  30  2:55  Pylon  
  30  3:00  Probe  
  30  3:02  Stalker  
  33  3:12  Probe, Forge  
  34  3:24  Probe  
  35  3:36  Probe  
  36  5:12  Probe  
  36  5:16  Sentry  
  36  5:18  Photon Cannon  
  36  5:19  Photon Cannon  
  36  5:21  Pylon  
  39  5:23  Robotics Facility  
  39  5:24  Stargate  
  39  5:27  Twilight Council  
  39  5:29  Adept, Gateway  
  39  5:33  Forge  
  41  5:39  Probe  
  41  5:41  Sentry  
  41  5:42  Pylon  
  44  5:54  Sentry  
  38  6:07  Adept, Observer  
  37  6:20  Stalker  
  37  6:23  Observer  
  39  6:29  Nexus  
  40  6:33  Stalker  
  42  6:46  Zealot  
  44  6:59  Zealot  
  46  7:11  Stalker  
  48  7:19  Zealot  
  48  7:21  Pylon  
  50  7:23  Immortal  
  36  7:40  Zealot  
  38  7:48  Zealot  
  38  7:51  Probe  
  28  7:54  Probe  
  28  7:55  Stalker  
  25  8:02  Zealot  
  25  8:03  Probe  
  20  8:06  Probe  
  20  8:09  Stalker  
  20  8:15  Probe  
  20  8:18  Probe  
  16  8:22  Sentry  
  14  8:31  Zealot  
  14  8:32  Stargate  
  9  8:53  Probe, Stalker  
  6  9:05  Probe  
  7  9:17  Probe  
  8  9:29  Probe  
Show
View Real Time Build Order
Export as new Build Order

grillbottom Protoss - Winner!

Build Orders: Defense into attack 

Get SALT Encoding   

  12  0:04  Probe  
  13  0:16  Probe  
  14  0:26  Pylon  
  14  0:28  Probe (Chrono Boost)  
  15  0:42  Probe (Chrono Boost)  
  16  0:51  Gateway  
  16  0:54  Assimilator, Probe  
  17  1:06  Probe  
  18  1:14  Forge  
  18  1:18  Probe (Chrono Boost)  
  19  1:27  Probe (Chrono Boost)  
  20  1:41  Cybernetics Core  
  20  1:58  Zealot  
  20  1:59  Photon Cannon  
  22  2:06  Assimilator, Probe  
  23  2:19  Warp Gate  
  23  2:27  Pylon  
  23  2:45  Stalker  
  23  2:51  Robotics Facility  
  25  2:55  Pylon  
  25  3:13  Pylon  
  25  3:20  Gateway  
  25  3:22  Gateway  
  25  3:34  Sentry  
  27  3:36  Immortal (Chrono Boost)  
  31  3:57  Pylon  
  31  4:11  Warp Prism (Chrono Boost)  
  31  4:12  Gateway  
  33  4:24  Sentry  
  33  4:25  Sentry  
  33  4:29  Stalker  
  39  4:49  Stalker x2  
  43  5:01  Pylon  
  43  5:09  Stalker  
  45  5:16  Zealot  
  45  5:17  Zealot x2  
  51  5:43  Zealot  
  51  6:10  Zealot  
  53  6:12  Stalker x2  
  53  6:13  Stalker  
  59  6:31  Immortal  
  63  6:38  Pylon  
  63  6:43  Pylon  
  63  7:00  Stalker x2  
  63  7:10  Immortal  
  57  7:48  Zealot  
  57  7:49  Zealot x3, Warp Prism (Chrono Boost)  
  61  8:58  Stalker x3  
  61  8:59  Stalker  
  67  9:51  Stalker x4  
Tags
 
Add a new tag
Caveats
  • Supply blocks, unpowered buildings, or Contaminate may cause inaccurate times.
  • Supply counts are checked every 10 seconds.